 Dungeon Crawl Stone Soup version 0.21.1-1-g345015f (webtiles) character file.

233 Kairos the Covered (level 6, -3/47 HPs)
             Began as a Human Fighter on Mar 29, 2018.
             Slain by a worker ant (5 damage)
             ... on level 4 of the Dungeon.
             The game lasted 00:04:44 (2555 turns).

Kairos the Covered (Human Fighter)                  Turns: 2555, Time: 00:04:44

Health: -3/47      AC:  7    Str: 16    XL:     6   Next: 26%
Magic:  6/6        EV:  8    Int:  9    God:
Gold:   133        SH:  9    Dex: 14    Spells: 5/5 levels left

rFire    . . .     SeeInvis .   a - +0 war axe
rCold    . . .     Gourm    .   c - +0 shield
rNeg     + . .     Faith    .   o - +2 ring mail {rN+}
rPois    +         Spirit   .   (no helmet)
rElec    .         Reflect  .   (no cloak)
rCorr    .         Harm     .   (no gloves)
MR       .....                  (no boots)
Stlth    +.........             j - amulet of magic regeneration
HPRegen  0.15/turn              g - ring of poison resistance
MPRegen  0.35/turn              (no ring)

@: no status effects
A: no striking features
a: no special abilities


You were on level 4 of the Dungeon.
You were hungry.

You visited 1 branch of the dungeon, and saw 4 of its levels.

You collected 133 gold pieces.

Inventory:

Hand Weapons
 a - a +0 war axe (weapon)
 t - a +0 hand crossbow
Armour
 b - a +0 scale mail
 c - a +0 shield (worn)
 o - a +2 ring mail of positive energy (worn)
Jewellery
 g - a ring of poison resistance (left hand)
 j - an amulet of magic regeneration (around neck)
Wands
 w - a wand of random effects (34)
Scrolls
 e - a scroll of fog {unknown}
 h - a scroll of enchant armour {unknown}
 i - 2 scrolls of teleportation {unknown}
 k - 2 scrolls of remove curse {unknown}
 l - a scroll of enchant weapon {unknown}
 m - a scroll of magic mapping {unknown}
 s - 2 scrolls of identify {unknown}
 u - a scroll of noise {unknown}
Potions
 d - a potion of flight
 n - 2 potions of ambrosia {unknown}
 p - a potion of resistance {unknown}
 r - a potion of degeneration {unknown}
 v - 2 potions of brilliance {unknown}
Books
 q - a book of Misfortune

   Spells                             Type                      Level
   a - Confusing Touch                Hexes                        1
   b - Confuse                        Hexes                        3
   c - Gell's Gravitas                Translocation                3
   d - Petrify                        Transmutation/Earth          4
   e - Metabolic Englaciation         Hexes/Ice                    5
   f - Yara's Violent Unravelling     Hexes/Transmutation          5
 x - a book of Changes

   Spells                             Type                      Level
   a - Beastly Appendage              Transmutation                1
   b - Sticks to Snakes               Transmutation                2
   c - Spider Form                    Transmutation/Poison         3
   d - Ice Form                       Ice/Transmutation            4
   e - Blade Hands                    Transmutation                5
Comestibles
 f - 7 rations


   Skills:
 + Level 3.6 Fighting
 + Level 3.9 Axes
 + Level 4.1 Armour
 + Level 0.8 Dodging
 + Level 3.9 Shields


You had 5 spell levels left.
You didn't know any spells.

Dungeon Overview and Level Annotations

Branches:
Dungeon (4/15)
 Temple: D:4-7

Altars:
Nemelex Xobeh


Message History

The worker ant bites you.
* * * LOW HITPOINT WARNING * * *
Found a stone staircase leading down.
The worker ant barely misses you.
The gnoll shouts!
The gnoll hits you.
* * * LOW HITPOINT WARNING * * *
The gnoll barely misses you. You block the gnoll's attack.
The worker ant bites you.
* * * LOW HITPOINT WARNING * * *
A gnoll comes into view. It is wielding a whip.
The gnoll shouts!
The worker ant waves its antennae.
You slash the gnoll!
The gnoll is severely wounded.
You slash the worker ant!
The worker ant waves its antennae.
The worker ant bites you.
You die...

#.# #.# #.# #.# #.# #.# #
#.# #.# #.# #.#.# #.#
#.#######.#
#.###.#.####.#
#.........# #
.............#
#..########
#>#.###.#.###..####))###
#.
.#.###.#.###.g...()#..#
.. ..........#@##.##..#.#
#. #..######.#a##)##.##.#
#..#..# #.#.##.##<##.#
#..#..######.#g##.##.##.#
#........g..g..##.##.##.#
#.##..######.####.......#
#...# #.# ####.#### ##..#
#.# #.# #..# #.# #.#


You could see a worker ant and 2 gnolls.

Vanquished Creatures
  A scorpion (D:4)
  A hound (D:4)
  A gnoll (D:1)
  3 adders
  3 oozes
  A dart slug (D:1)
  2 leopard geckos (D:2)
  15 orcs
  2 ball pythons
  6 bats
  9 goblins
  5 hobgoblins
  7 jackals
  3 quokkas
  7 frilled lizards
  9 kobolds
  12 rats
87 creatures vanquished.

Vanquished Creatures (others)
  5 toadstools (D:1)
5 creatures vanquished.

Grand Total: 92 creatures vanquished

Notes
Turn   | Place    | Note
-------+----------+-------------------------------------------
     0 | D:1      | Kairos the Human Fighter began the quest for the Orb.
     0 | D:1      | Reached XP level 1. HP: 18/18 MP: 1/1
    33 | D:1      | Reached XP level 2. HP: 6/24 MP: 2/2
   449 | D:1      | Reached XP level 3. HP: 22/29 MP: 3/3
   663 | D:1      | Reached XP level 4. HP: 18/35 MP: 4/4
  1151 | D:2      | Found a sparkling altar of Nemelex Xobeh.
  1668 | D:2      | Reached XP level 5. HP: 30/41 MP: 5/5
  1924 | D:3      | Reached skill level 4 in Armour
  2513 | D:4      | Reached XP level 6. HP: 14/47 MP: 6/6
  2551 | D:4      | HP: 2/47 [worker ant (4)]
  2555 | D:4      | Slain by a worker ant

Skill      XL: |  1  2  3  4  5 |
---------------+----------------+-----
Armour         | 4 |  4.1
Axes           | 3 |  3.9
Fighting       | |  3.6
Dodging        | |  0.8
Shields        | |  3.9

Action                   |  1- 3 |  4- 6 || total
-------------------------+-------+-------++-------
Melee: War axe           |    98 |   183 ||   281
  Use: Potion            |     1 |     2 ||     3
  Eat: Chunk             |       |     5 ||     5
Armor: Scale mail        |    65 |    36 ||   101
       Ring mail         |       |    69 ||    69
Dodge: Dodged            |    32 |    71 ||   103
Block: Shield            |    61 |   112 ||   173
